[Event "*** SCC Grand Prix: Titled Tuesday Blitz"]
[Site "Chess.com"]
[Date "2020.10.13"]
[Round "2"]
[White "Heineccius"]
[Black "bakki78"]
[Result "0-1"]
[WhiteElo "2518"]
[BlackElo "2760"]
[TimeControl "180+1"]
[EndTime "10:16:41 PDT"]
[Termination "bakki78 won by resignation"]

1. d4 Nf6 2. c4 g6 3. Nc3 Bg7 4. Nf3 O-O 5. g3 d6 6. Bg2 c6 7. O-O Bf5 8. Ne1 Be6 9. d5 cxd5 10. cxd5 Bd7 11. Nd3 Na6 12. h3 Qc8 13. Kh2 Qc4 14. Bd2 Rfc8 15. Qb3 Qxb3 16. axb3 Be8 17. Rfc1 Nd7 18.
Na4 Ne5 19. Nxe5 Bxe5 20. Bc3 Bg7 21. Bxg7 Kxg7 22. Rc3 Nb4 23. Rxc8 Rxc8 24. Nc3 a6 25. f4 Nc2 26. Rd1 b5 27. Be4 Nb4 28. Ra1 f5 29. Bf3 Kf6 30. Kg2 h5 31. Kf2 Ra8 32. h4 a5 33. e3 Nd3+ 34. Ke2 Nc5 35. b4 Nb3 36. Ra3 a4 37. e4 Rc8 38. Kd3 Rc4 39. Be2 Nc1+ 40. Kd2 Nxe2 41. Kxe2 Rxb4 42. Ke3 Rxb2 43. Kd4 b4 44. e5+ Kg7 0-1

[Event "*** SCC Grand Prix: Titled Tuesday Blitz"]
[Site "Chess.com"]
[Date "2020.10.13"]
[Round "2"]
[White "Blitzstream"]
[Black "AlexSuv"]
[Result "0-1"]
[WhiteElo "2736"]
[BlackElo "2526"]
[TimeControl "180+1"]
[EndTime "10:16:41 PDT"]
[Termination "AlexSuv won on time"]

1. e4 c5 2. Nf3 e6 3. b4 cxb4 4. d4 Nf6 5. e5 Nd5 6. Bd3 d6 7. O-O Nc6 8. Qe2 dxe5 9. dxe5 Be7 10. Rd1 b6 11. a3 Qc7 12. axb4 Ndxb4 13. Be4 Bb7 14. Nc3 a6 15. Bb2 h6 16. Qe3 Bc5 17.
Qf4 O-O 18. Qg3 Rad8 19. Rxd8 Rxd8 20. Bc1 Kh8 21. Qh4 Bf8 22. Bf4 Ne7 23. Bxb7 Qxb7 24. Ng5 Kg8 25. Nge4 Qc7 26. g4 Ng6 27. Qg3 Nxc2 28.
Rc1 Nxf4 29. Rxc2 Qxe5 30. h4 Rd3 31. f3 Bc5+ 32. Kh2 g5 33. hxg5 hxg5 34. Ra2 Qh8+ 0-1

[Event "*** SCC Grand Prix: Titled Tuesday Blitz"]
[Site "Chess.com"]
[Date "2020.10.13"]
[Round "2"]
[White "Fighter008"]
[Black "gixfantastix"]
[Result "1-0"]
[WhiteElo "2634"]
[BlackElo "2088"]
[TimeControl "180+1"]
[EndTime "10:16:41 PDT"]
[Termination "Fighter008 won by checkmate"]

1. e4 c6 2. Nc3 d5 3. Nf3 dxe4 4. Nxe4 Bf5 5. Ng3 Bg6 6. h4 h6 7. Ne5 Bh7 8. Bc4 e6 9. Qh5 Qe7 10. d4 Nf6 11. Qe2 Nbd7 12. Bf4 Nd5 13. Bxd5 exd5 14. O-O-O f6 15. Nxd7 Kxd7 16. Qg4+ Qe6 17. Qf3 Re8 18.
Qc3 Bd6 19. Bxd6 Qxd6 20. Qf3 Re7 21. Rhe1 Rhe8 22. Rxe7+ Rxe7 23. h5 Kc7 24. a3 a5 25.
Kd2 Qe6 26. Kc1 Kb6 27. Qc3 Ka6 28. b3 Qd6 29. Kb2 Qf4 30. Qc5 Qxf2 31. b4 Re2 32. Qxa5# 1-0

[Event "*** SCC Grand Prix: Titled Tuesday Blitz"]
[Site "Chess.com"]
[Date "2020.10.13"]
[Round "2"]
[White "ErikRonka"]
[Black "chiwii"]
[Result "1-0"]
[WhiteElo "2441"]
[BlackElo "2220"]
[TimeControl "180+1"]
[EndTime "10:16:41 PDT"]
[Termination "ErikRonka won on time"]

1. e4 c5 2. Nf3 e6 3. d4 cxd4 4. Nxd4 a6 5. Nc3 Qc7 6. Qf3 Nf6 7. Bg5 Qe5 8. Be3 Nc6 9. O-O-O Nxd4 10. Bxd4 Qg5+ 11.
Kb1 Be7 12. e5 Ng8 13. Bd3 f5 14. Qe2 Nh6 15. Be3 Qg6 16. f4 Ng4 17. Bd4 b5 18. h3 Nh6 19. g4 Bb7 20. Rhg1 Qf7 21. a3 g6 22. Qf2 fxg4 23. hxg4 O-O 24. Rdf1 Rac8 25.
Ne4 Bxe4 26. Bxe4 Qg7 27. Qh2 Nf7 28. f5 exf5 29. gxf5 Rc4 30. fxg6 1-0

[Event "*** SCC Grand Prix: Titled Tuesday Blitz"]
[Site "Chess.com"]
[Date "2020.10.13"]
[Round "2"]
[White "KuzubovYuriy"]
[Black "aloe_normansen"]
[Result "1-0"]
[WhiteElo "2880"]
[BlackElo "2352"]
[TimeControl "180+1"]
[EndTime "10:16:42 PDT"]
[Termination "KuzubovYuriy won by resignation"]

1. d4 Nf6 2. Nf3 g6 3. Nbd2 d5 4. e3 Bg7 5. b4 O-O 6. c4 c6 7. a4 a5 8. b5 c5 9. Bb2 Nbd7 10. Rc1 cxd4 11. Bxd4 dxc4 12. Bxc4 Nb6 13. Bb3 Bf5 14. O-O Bd3 15. Re1 Nfd5 16. Bxg7 Kxg7 17. Nc4 Nb4 18. Nfe5 Nxc4 19. Bxc4 Bxc4 20. Rxc4 f6 21. Nd7 Rf7 22. Nc5 e5 23. Ne6+ 1-0

[Event "*** SCC Grand Prix: Titled Tuesday Blitz"]
[Site "Chess.com"]
[Date "2020.10.13"]
[Round "2"]
[White "pavelalexandru07"]
[Black "Gulkov_Igor"]
[Result "0-1"]
[WhiteElo "2234"]
[BlackElo "2452"]
[TimeControl "180+1"]
[EndTime "10:16:42 PDT"]
[Termination "Gulkov_Igor won by resignation"]

1. b3 Nf6 2. Bb2 g6 3. Nf3 Bg7 4. e3 O-O 5. d4 c5 6. c3 b6 7.
Bd3 d5 8. O-O Ba6 9. Bxa6 Nxa6 10.
Qd3 Qc8 11. Nbd2 Qb7 12. Rfe1 Ne4 13. Qe2 Nxd2 14. Qxd2 Rac8 15. Rac1 Rfd8 16. b4 cxb4 17. cxb4 Rxc1 18. Rxc1 Rc8 19. b5 Nb8 20. Rxc8+ Qxc8 21. Qc3 Qxc3 22. Bxc3 Nd7 23. a4 e6 24. Kf1 Bf8 25. Nd2 Bd6 26. g3 f5 27. f3 Kf7 28.
Ke2 h5 29. Kd3 Nf6 30. Nb3 Ke7 31. a5 Kd7 32. a6 h4 33. gxh4 Bxh2 34. Be1 Bd6 35.
Bd2 Ne8 36. Be1 Nc7 37. Na5 bxa5 38. b6 axb6 0-1

[Event "*** SCC Grand Prix: Titled Tuesday Blitz"]
[Site "Chess.com"]
[Date "2020.10.13"]
[Round "2"]
[White "Barmen_EV"]
[Black "Meri-Arabidze"]
[Result "1-0"]
[WhiteElo "2489"]
[BlackElo "2692"]
[TimeControl "180+1"]
[EndTime "10:16:43 PDT"]
[Termination "Barmen_EV won on time"]

1. d4 d5 2. c4 e6 3. Nc3 Nf6 4. cxd5 exd5 5. Bg5 Nbd7 6. e3 Be7 7. Bd3 c6 8. Qc2 O-O 9. Nge2 Re8 10. O-O Nf8 11.
f3 g6 12. Rad1 Ne6 13. Bh4 b5 14. Kh1 Bd7 15. e4 dxe4 16. fxe4 Ng4 17. Bxe7 Qxe7 18. Qd2 Qh4 19. h3 Nf2+ 20. Rxf2 Qxf2 21. e5 f5 22. d5 cxd5 23. Nxd5 Bc6 24. Nf6+ Kh8 25. Rg1 Red8 26. Qh6 Nf8 27. Nf4 Qg3 28. Ne6 Rd7 29. Nxf8 Rg7 30. N8xh7 Bxg2+ 31. Rxg2 Qe1+ 32. Rg1 1-0

[Event "*** SCC Grand Prix: Titled Tuesday Blitz"]
[Site "Chess.com"]
[Date "2020.10.13"]
[Round "2"]
[White "brunomorado"]
[Black "Malev212"]
[Result "0-1"]
[WhiteElo "2303"]
[BlackElo "2544"]
[TimeControl "180+1"]
[EndTime "10:16:43 PDT"]
[Termination "Malev212 won by resignation"]

1. d4 Nf6 2. Nc3 d5 3. Bg5 Nbd7 4. Qd3 h6 5. Bh4 c6 6. Bxf6 Nxf6 7. e4 dxe4 8. Nxe4 Nxe4 9. Qxe4 Qd5 10. Bd3 Qxe4+ 11.
Bxe4 g6 12. Ne2 Bg7 13. O-O-O O-O 14. h4 h5 15. Rhe1 e5 16. d5 f5 17. Bd3 cxd5 18. Bb5 d4 19. f4 Rd8 20. Bc4+ Kh7 21. c3 Bd7 22. fxe5 dxc3 23. Nxc3 Rac8 24. Bb3 Bc6 25.
Rxd8 Rxd8 26. e6 Bf6 27. Nd5 Bxh4 28. e7 Re8 29. Re2 Bxd5 30. Bxd5 b6 31. Kc2 Rxe7 32. Rxe7+ Bxe7 33. Kb3 g5 34. Kc4 g4 35. Kd3 Kg6 36. Ke2 Kg5 37. a3 Kf4 38. b4 h4 39. Kf1 Kg3 40. Be6 f4 41. Bd5 Bf6 42.
a4 Bd4 43. b5 f3 44. gxf3 gxf3 0-1

[Event "*** SCC Grand Prix: Titled Tuesday Blitz"]
[Site "Chess.com"]
[Date "2020.10.13"]
[Round "2"]
[White "Andrei_Belozerov"]
[Black "nrvisakh"]
[Result "0-1"]
[WhiteElo "2542"]
[BlackElo "2808"]
[TimeControl "180+1"]
[EndTime "10:16:44 PDT"]
[Termination "nrvisakh won by resignation"]

1. e4 c5 2. Nf3 Nc6 3. d4 cxd4 4. Nxd4 Nf6 5. Nc3 e5 6. Ndb5 d6 7. Bg5 a6 8. Na3 b5 9. Nd5 Be7 10. Bxf6 Bxf6 11. c3 O-O 12. Nc2 Bg5 13. a4 bxa4 14. Rxa4 a5 15. Bc4 Be6 16. O-O Ne7 17. Nce3 Kh8 18.
Nxe7 Bxe3 19. fxe3 Qxe7 20. Bd5 Ra7 21. Rc4 Rb8 22. Rf2 Rc7 23. Qd3 Qd7 24. h3 Qb5 25. Bxe6 fxe6 26. Rb4 Qe8 27. Rxb8 Qxb8 28. Qxd6 Rc8 29.
Qxe6 h6 30. Rf7 Rg8 31. b3 Qb5 32. Kh2 Qc5 33. c4 Qxe3 34. Qxe5 Qxb3 35. c5 Qxf7 36. Qd5 Qxd5 37. exd5 a4 38. c6 a3 39. d6 a2 40. d7 a1=Q 41. c7 Qe5+ 0-1

[Event "*** SCC Grand Prix: Titled Tuesday Blitz"]
[Site "Chess.com"]
[Date "2020.10.13"]
[Round "2"]
[White "FloMasterAAK"]
[Black "TimofeevAr"]
[Result "0-1"]
[WhiteElo "2536"]
[BlackElo "2803"]
[TimeControl "180+1"]
[EndTime "10:16:44 PDT"]
[Termination "TimofeevAr won by resignation"]

1. e4 c5 2. Nf3 d6 3. Bb5+ Bd7 4. Bxd7+ Nxd7 5. O-O Ngf6 6. Re1 Rc8 7. c4 Ne5 8. b3 Nfd7 9. Bb2 Nd3 10. Nc3 e6 11. Qc2 Nxe1 12. Rxe1 Be7 13. Nd1 O-O 14. Ne3 Bf6 15. d4 cxd4 16. Nxd4 a6 17. Ng4 Bxd4 18. Bxd4 b5 19. Ne3 Qg5 20. Qb2 Ne5 21. Qe2 bxc4 22.
bxc4 Rfd8 23. Rf1 Qf4 24. f3 Nc6 25. Bc3 Qg5 26. Kh1 e5 27. Nd5 Re8 28. Qf2 Ne7 29. Bd2 Qg6 30. Nb6 Rc6 31. Be3 Nc8 32. Nd5 Ne7 33.
Nb4 Rxc4 34. Nxa6 Rec8 35. Rg1 h6 36. Qe1 d5 37. exd5 Nxd5 38. Bd2 Qxa6 0-1

[Event "*** SCC Grand Prix: Titled Tuesday Blitz"]
[Site "Chess.com"]
[Date "2020.10.13"]
[Round "2"]
[White "KerryStead"]
[Black "UmarovSabir"]
[Result "0-1"]
[WhiteElo "2037"]
[BlackElo "2375"]
[TimeControl "180+1"]
[EndTime "10:16:44 PDT"]
[Termination "UmarovSabir won on time"]

1. d4 g6 2. e4 Bg7 3. f4 d5 4. e5 Nh6 5. Nf3 Bg4 6. c3 c5 7. h3 Bxf3 8. Qxf3 cxd4 9. cxd4 Nf5 10. Be3 Nc6 11. g4 Nxe3 12. Qxe3 Qb6 13. Nc3 Nxd4 14. Qf2 Rc8 15. Rd1 Ne6 16. Qxb6 axb6 17. Nxd5 Rc2 18. Bb5+ Kf8 0-1

[Event "*** SCC Grand Prix: Titled Tuesday Blitz"]
[Site "Chess.com"]
[Date "2020.10.13"]
[Round "2"]
[White "Politov_Pavel"]
[Black "Nastya_Rakhmangulova"]
[Result "1-0"]
[WhiteElo "2264"]
[BlackElo "2451"]
[TimeControl "180+1"]
[EndTime "10:16:45 PDT"]
[Termination "Politov_Pavel won on time"]

1. d4 d5 2. Nf3 Nf6 3. c4 c6 4.
cxd5 cxd5 5. Nc3 Nc6 6. Bf4 Bf5 7. e3 e6 8. Qb3 Bb4 9. Bb5 O-O 10.
Bxc6 Bxc3+ 11. Qxc3 bxc6 12. Qxc6 Qa5+ 13. Qc3 Qa6 14. Qa3 Qxa3 15. bxa3 Bd3 16. Kd2 Bc4 17. Rhb1 Ne4+ 18. Ke1 f6 19. Nd2 Nxd2 20. Kxd2 Rf7 21.
Rb2 Rc8 22. Rab1 e5 23. dxe5 fxe5 24. Bg3 e4 25. Rb8 Rff8 26. Rxc8 Rxc8 27. Rb7 Bd3 28.
Rxa7 Rc2+ 29. Ke1 Rxa2 30. a4 Re2+ 31. Kd1 Ra2 32. a5 Ra1+ 33. Kd2 Ra3 34. h4 Bc4 35. h5 h6 36. Be5 Ra2+ 37. Kc3 Rxf2 38. Rxg7+ Kf8 39. Rg6 Kf7 40. a6 1-0

[Event "*** SCC Grand Prix: Titled Tuesday Blitz"]
[Site "Chess.com"]
[Date "2020.10.13"]
[Round "2"]
[White "maxip32"]
[Black "Vandros57"]
[Result "1-0"]
[WhiteElo "2421"]
[BlackElo "2191"]
[TimeControl "180+1"]
[EndTime "10:16:45 PDT"]
[Termination "maxip32 won on time"]

1. e4 c5 2. Nf3 e6 3. d3 Nc6 4. g3 Nf6 5. Bg2 Be7 6. O-O d5 7. Re1 O-O 8. Nbd2 b6 9. e5 Ng4 10.
h3 Nh6 11. Nf1 Nf5 12. c3 Bb7 13. h4 Qd7 14. Bg5 h6 15. Bf4 f6 16. exf6 Bxf6 17.
Ne5 Nxe5 18. Bxe5 Bxe5 19. Rxe5 Qd6 20. Qe2 Rae8 21. Re1 Ba6 22. Rxe6 Rxe6 23. Qxe6+ Qxe6 24. Rxe6 Bxd3 25. Bxd5 Kh7 26. Nd2 Rd8 27. Re5 Ne7 28.
Be4+ Bxe4 29. Nxe4 Rd1+ 30. Kg2 Nc6 31. Re6 Na5 32.
Re7 Nc4 33. b3 Na3 34. Rxa7 Nb1 35. h5 Rd3 36. Nf6+ Kh8 37. Ra8+ 1-0

[Event "*** SCC Grand Prix: Titled Tuesday Blitz"]
[Site "Chess.com"]
[Date "2020.10.13"]
[Round "2"]
[White "LiemLe"]
[Black "OhanyanEminChess"]
[Result "1-0"]
[WhiteElo "2980"]
[BlackElo "2604"]
[TimeControl "180+1"]
[EndTime "10:16:48 PDT"]
[Termination "LiemLe won by resignation"]

1. d4 Nf6 2. Nf3 c5 3. d5 d6 4. Nc3 g6 5. e4 Bg7 6. Bb5+ Nbd7 7. a4 O-O 8. O-O a6 9. Be2 Rb8 10. Re1 Ne8 11. Bf4 b5 12. axb5 axb5 13. Nxb5 Bxb2 14. Rb1 Bg7 15. Na7 Bb7 16. Qd2 Ba8 17. Nc6 Bxc6 18. dxc6 Nb6 19. e5 Qc7 20. Bb5 d5 21. e6 Nd6 22. Ng5 f5 23. Nf7 Rfe8 24. h4 d4 25. h5 Nd5 26. Bxd6 exd6 27. hxg6 hxg6 28. Bc4 Rxb1 29. Rxb1 Nc3 30. Rb7 Qxc6 31. Nd8 Qe4 32. Qg5 Qe1+ 33. Kh2 Qe5+ 34. f4 Qf6 35. e7+ d5 36.
Bb5 Rxe7 37. Rxe7 Qxg5 38. fxg5 Bf8 39. Re8 Ne4 40. Ne6 1-0

[Event "*** SCC Grand Prix: Titled Tuesday Blitz"]
[Site "Chess.com"]
[Date "2020.10.13"]
[Round "2"]
[White "biostatistician"]
[Black "Supernotar"]
[Result "0-1"]
[WhiteElo "2558"]
[BlackElo "2835"]
[TimeControl "180+1"]
[EndTime "10:16:49 PDT"]
[Termination "Supernotar won on time"]

1. d4 d5 2. Nf3 Nf6 3. c4 dxc4 4.
e3 e6 5. Bxc4 a6 6. O-O b5 7.
Bd3 Bb7 8. a4 b4 9. b3 Nbd7 10.
Bb2 c5 11. Nbd2 Be7 12. Rc1 O-O 13. Qe2 cxd4 14. Nxd4 Nc5 15. Bc4 Qb6 16. Rfd1 Rfd8 17. N2f3 Rac8 18. Ne5 Nd5 19. Qh5 g6 20. Qh3 Bf6 21.
Nxf7 Re8 22. Nh6+ Kh8 23. Ng4 Bg7 24. Ba1 Nc3 25. Bxc3 bxc3 26. Rxc3 e5 27. Nf3 h5 28. Ng5 Ne4 29. Nxe4 Bxe4 30. Qh4 Rcd8 31. Rcc1 Bf5 32. h3 Rf8 33. Nh2 e4 34. Rxd8 Rxd8 35. g4 Bf6 36.
Qg3 Be6 0-1

[Event "*** SCC Grand Prix: Titled Tuesday Blitz"]
[Site "Chess.com"]
[Date "2020.10.13"]
[Round "2"]
[White "OlympusMons95"]
[Black "markberk"]
[Result "1-0"]
[WhiteElo "2709"]
[BlackElo "2409"]
[TimeControl "180+1"]
[EndTime "10:16:49 PDT"]
[Termination "OlympusMons95 won by resignation"]

1. e4 c6 2. Nf3 d5 3. Nc3 dxe4 4.
Nxe4 Nf6 5. Qe2 Bf5 6. Nxf6+ gxf6 7. d3 Qc7 8. g3 Nd7 9. Bg2 O-O-O 10. O-O e5 11. d4 h5 12. dxe5 fxe5 13. Be3 Kb8 14.
Rfd1 f6 15. a4 Be7 16. Nh4 Bh7 17. Bh3 Nc5 18. Bf5 Rxd1+ 19. Qxd1 Bxf5 20. Nxf5 Ne6 21. h4 Bc5 22. Bxc5 Nxc5 23. Qf3 e4 24. Qc3 Qe5 25.
Qxe5+ fxe5 26. b4 Nd7 27. Nd6 Nf6 28. Re1 Rd8 29. Nxe4 Ng4 30. f3 Nh6 31. Kf2 Nf7 32. Ke2 Kc7 33. Rd1 Rg8 34. Nf6 Rxg3 35. Rd7+ 1-0

[Event "*** SCC Grand Prix: Titled Tuesday Blitz"]
[Site "Chess.com"]
[Date "2020.10.13"]
[Round "2"]
[White "keepitcool9499"]
[Black "tandaleo"]
[Result "1-0"]
[WhiteElo "2622"]
[BlackElo "2321"]
[TimeControl "180+1"]
[EndTime "10:16:49 PDT"]
[Termination "keepitcool9499 won by resignation"]

1. d4 d5 2. c4 e6 3. Nc3 c6 4. Nf3 dxc4 5. a4 Bb4 6. e3 b5 7. Bd2 a5 8. axb5 Bxc3 9. Bxc3 cxb5 10. Ne5 Bb7 11. Qg4 Kf8 12. Be2 Nf6 13. Qf4 Nbd7 14. O-O Nxe5 15. Qxe5 Nd5 16. Bxa5 Rxa5 17. Rxa5 Qxa5 18.
Qb8+ Ke7 19. Qxh8 Qd2 20. Qb8 Bc6 21. Bf3 Qxb2 22. e4 Nf6 23. Qc7+ Bd7 24. d5 e5 25.
Qc5+ Ke8 26. d6 Qd4 27. Qc7 Kf8 28. Qd8+ Be8 29. Qe7+ Kg8 30. Rd1 Qa7 31. Qxa7 1-0

[Event "*** SCC Grand Prix: Titled Tuesday Blitz"]
[Site "Chess.com"]
[Date "2020.10.13"]
[Round "2"]
[White "PawnEatingZombie"]
[Black "guillembaches"]
[Result "0-1"]
[WhiteElo "2187"]
[BlackElo "2418"]
[TimeControl "180+1"]
[EndTime "10:16:49 PDT"]
[Termination "guillembaches won on time"]

1. d4 d5 2. c4 Nc6 3. Nc3 Nf6 4. Nf3 dxc4 5. Bg5 h6 6. Bxf6 exf6 7. e3 Bd6 8. Bxc4 O-O 9. O-O a6 10. a3 b5 11. Ba2 Bb7 12. Re1 f5 13. Rc1 Re8 14. e4 fxe4 15. Nxe4 Qd7 16. Nxd6 cxd6 17. Qd3 Ne7 18.
d5 Ng6 19. Nd4 Ne5 20. Qg3 Rac8 21. h3 Nc4 22. Rxe8+ Rxe8 23. Nc6 Ne5 24. Nxe5 Rxe5 25. Qd3 Qe7 26. Qc3 Kh7 27. Bb1+ g6 28. Kh2 Bxd5 29. Qc7 Bc4 30. Qc8 Re2 31. b3 Qe5+ 0-1

[Event "*** SCC Grand Prix: Titled Tuesday Blitz"]
[Site "Chess.com"]
[Date "2020.10.13"]
[Round "2"]
[White "crazy_but_lazy"]
[Black "rpragchess"]
[Result "0-1"]
[WhiteElo "2508"]
[BlackElo "2902"]
[TimeControl "180+1"]
[EndTime "10:16:50 PDT"]
[Termination "rpragchess won by resignation"]

1. d4 Nf6 2. c4 g6 3. Nc3 Bg7 4. Nf3 O-O 5. g3 d6 6. Bg2 c6 7. O-O Bf5 8. Ne1 Be6 9. b3 d5 10. cxd5 Nxd5 11. Nxd5 Bxd5 12. e4 Be6 13. Be3 c5 14. d5 Bg4 15. f3 Bc8 16. Rc1 b6 17.
Rf2 e6 18. Rd2 exd5 19. Rxd5 Qe8 20. Rd2 Nc6 21. Nd3 Ba6 22. Bf1 Rd8 23. Nf4 Bxf1 24.
Kxf1 Nd4 25. Kg2 f5 26. Ne2 fxe4 27. Nxd4 cxd4 28. Bxd4 e3 29. Rd3 e2 30. Qd2 Rxd4 31.
Rxd4 Bxd4 32. Qxd4 e1=Q 0-1

[Event "*** SCC Grand Prix: Titled Tuesday Blitz"]
[Site "Chess.com"]
[Date "2020.10.13"]
[Round "2"]
[White "SophieNikoladze"]
[Black "ehrenfeld"]
[Result "0-1"]
[WhiteElo "2256"]
[BlackElo "2476"]
[TimeControl "180+1"]
[EndTime "10:16:50 PDT"]
[Termination "ehrenfeld won by resignation"]

1. d4 f5 2. Nc3 Nf6 3. Bg5 d5 4.
Bxf6 exf6 5. e3 Be6 6. Bd3 Nc6 7. Qf3 Qd7 8. Nge2 O-O-O 9. Nf4 Bf7 10. a3 Ne7 11. O-O-O Kb8 12. Nce2 Nc8 13. Ng3 g6 14. h4 h5 15. Nf1 Qc6 16. Nd2 Nd6 17. Kb1 Ne4 18. Qe2 Qb6 19. Ka1 Bd6 20. c4 dxc4 21. Bxc4 Bxc4 22. Nxc4 Qa6 23. Nxg6 Rhg8 24. Nf4 Bxf4 25.
exf4 Rxg2 26. Rhf1 Rdg8 27. Rc1 Ng3 28. Qc2 Nxf1 29.
Rxf1 Rg1 30. Rxg1 Rxg1+ 31. Ka2 Qe6 32. b3 Qe1 33. Qb2 Qc1 34. a4 Qxb2+ 35. Kxb2 Rh1 0-1

[Event "*** SCC Grand Prix: Titled Tuesday Blitz"]
[Site "Chess.com"]
[Date "2020.10.13"]
[Round "2"]
[White "JiiHart"]
[Black "tteshan"]
[Result "1-0"]
[WhiteElo "2077"]
[BlackElo "2371"]
[TimeControl "180+1"]
[EndTime "10:16:50 PDT"]
[Termination "JiiHart won by resignation"]

1. e4 c5 2. Nf3 Nc6 3. d4 cxd4 4. Nxd4 g6 5. c4 Bg7 6. Be3 Nf6 7. Nc3 O-O 8. Be2 d6 9. O-O Bd7 10. Qd2 Nxd4 11.
Bxd4 Bc6 12. Bd3 a5 13. Rfe1 Nd7 14. Bxg7 Kxg7 15. Re3 h5 16. f4 Qb6 17. Kh1 Rfc8 18. Nd5 Bxd5 19. exd5 Nc5 20. Qc3+ Kg8 21. Bxg6 Na4 22.
Bxf7+ Kxf7 23. Qd3 Rg8 24. Rae1 Qc7 25. Qh7+ Rg7 26.
Rxe7+ Qxe7 27. Rxe7+ Kxe7 28. Qxg7+ 1-0

[Event "*** SCC Grand Prix: Titled Tuesday Blitz"]
[Site "Chess.com"]
[Date "2020.10.13"]
[Round "2"]
[White "GiantThresher"]
[Black "Sadykov_Ramil"]
[Result "1-0"]
[WhiteElo "2831"]
[BlackElo "2553"]
[TimeControl "180+1"]
[EndTime "10:16:52 PDT"]
[Termination "GiantThresher won on time"]

1. e4 c5 2. Nf3 d6 3. Bb5+ Nd7 4.
Ba4 a6 5. c4 g6 6. Nc3 Bg7 7.
O-O Nf6 8. d3 O-O 9. h3 e5 10. Rb1 Ne8 11. b4 cxb4 12. Rxb4 Nc5 13. Bxe8 Rxe8 14. Be3 Qa5 15. Nd5 Be6 16. Bxc5 dxc5 17.
Rxb7 Bxd5 18. exd5 Qxa2 19. Ng5 Rab8 20. Ra7 Ra8 21.
Rxf7 Bh6 22. Rb7 Bxg5 23. Qg4 Re7 24. Rxe7 Bxe7 25. Qe6+ Kf8 26. f4 e4 27. f5 1-0

[Event "*** SCC Grand Prix: Titled Tuesday Blitz"]
[Site "Chess.com"]
[Date "2020.10.13"]
[Round "2"]
[White "allvim"]
[Black "PhileKhoob"]
[Result "1-0"]
[WhiteElo "2312"]
[BlackElo "2493"]
[TimeControl "180+1"]
[EndTime "10:16:56 PDT"]
[Termination "allvim won by resignation"]

1. e4 c5 2. Nf3 d6 3. d4 cxd4 4. Nxd4 Nf6 5. Nc3 a6 6. Be3 e5 7. Nb3 Be7 8. f3 O-O 9. Qd2 Be6 10. O-O-O Nbd7 11. h4 b5 12. g4 b4 13. Na4 Rc8 14.
Kb1 Qc7 15. h5 Nc5 16. Naxc5 dxc5 17. g5 Nd7 18. Bc4 Rfd8 19. Bxe6 fxe6 20. g6 c4 21. gxh7+ Kh8 22. Nc1 c3 23. Qg2 cxb2 24.
Nb3 Bf6 25. h6 g6 26. Rd2 Nf8 27. Rhd1 a5 28. Bg5 Bxg5 29. Qxg5 Qxc2+ 30. Rxc2 Rxd1+ 31. Kxb2 1-0

[Event "*** SCC Grand Prix: Titled Tuesday Blitz"]
[Site "Chess.com"]
[Date "2020.10.13"]
[Round "2"]
[White "Mikhail_Golubev"]
[Black "Jumbo"]
[Result "0-1"]
[WhiteElo "2539"]
[BlackElo "2805"]
[TimeControl "180+1"]
[EndTime "10:16:57 PDT"]
[Termination "Jumbo won on time"]

1. e4 c5 2. Nf3 d6 3. d4 cxd4 4.
Nxd4 Nf6 5. Nc3 Nc6 6. Bc4 e6 7. Be3 a6 8. Bb3 Qa5 9. O-O Be7 10. f4 Bd7 11. f5 Nxd4 12. Bxd4 e5 13. Be3 Bc6 14.
Qd3 Rd8 15. Rad1 O-O 16. Bg5 d5 17. exd5 Nxd5 18. Bxe7 Nxe7 19. Qg3 Rxd1 20. Nxd1 Kh8 21. f6 gxf6 22. Qh4 Ng8 23. Kh1 Qd2 24. Nf2 f5 25. c3 Qh6 0-1

[Event "*** SCC Grand Prix: Titled Tuesday Blitz"]
[Site "Chess.com"]
[Date "2020.10.13"]
[Round "2"]
[White "yourstrulyme"]
[Black "LubovMarkelova"]
[Result "0-1"]
[WhiteElo "2420"]
[BlackElo "2231"]
[TimeControl "180+1"]
[EndTime "10:16:58 PDT"]
[Termination "LubovMarkelova won by resignation"]

1. d4 d5 2. Bf4 Nf6 3. e3 c5 4. c3 Nc6 5. Nd2 Bf5 6. Ngf3 Qb6 7. Qb3 c4 8. Qxb6 axb6 9. a3 b5 10. Rc1 e6 11. Nh4 Bg4 12. f3 Bh5 13. g4 Bg6 14.
Be2 Be7 15. Kf1 Nd7 16. Nxg6 hxg6 17. Kg2 Nb6 18. h4 Na4 19. Rb1 Kd7 20. Bg3 Bxa3 21. bxa3 Nxc3 22. Kf2 Rxa3 23. Ra1 Rha8 24. Rxa3 Rxa3 25.
Rc1 b4 26. h5 Ra2 27. Ke1 Nxe2 28. Kxe2 c3 29. Be1 cxd2 30. Bxd2 b3 31. Rb1 Na5 32. Kd3 Nc4 33. Bc3 b2 34. hxg6 fxg6 35. g5 Ra1 36. Kc2 Na3+ 37. Kxb2 Nxb1 38. Kxa1 Nxc3 39. Kb2 Nd1+ 40. Kc2 Nxe3+ 41. Kd3 0-1

[Event "*** SCC Grand Prix: Titled Tuesday Blitz"]
[Site "Chess.com"]
[Date "2020.10.13"]
[Round "2"]
[White "NikolaGry"]
[Black "VinzentSpitzl"]
[Result "1-0"]
[WhiteElo "2621"]
[BlackElo "2318"]
[TimeControl "180+1"]
[EndTime "10:16:59 PDT"]
[Termination "NikolaGry won by resignation"]

1. b3 f5 2. Bb2 Nf6 3. c4 g6 4.
Bxf6 exf6 5. Nc3 b6 6. Nf3 Bb7 7. e3 Bg7 8. g3 O-O 9. Bg2 d6 10. O-O Nd7 11. d4 Re8 12. Ne1 Bxg2 13. Nxg2 c6 14. Qf3 Qc7 15. b4 Nf8 16. a4 Ne6 17.
h4 c5 18. Nd5 Qd7 19. dxc5 dxc5 20. b5 Rad8 21. a5 Nc7 22. Ngf4 Nxd5 23. Nxd5 Re6 24. axb6 axb6 25. Ra6 Rb8 26. Rfa1 Bf8 27. h5 Kf7 28. hxg6+ hxg6 29. Qh1 Kg7 30. Ra7 Rb7 31. Rxb7 Qxb7 32. Ra6 Be7 33. Nf4 Rd6 34. Qxb7 1-0

[Event "*** SCC Grand Prix: Titled Tuesday Blitz"]
[Site "Chess.com"]
[Date "2020.10.13"]
[Round "2"]
[White "Ermito2020"]
[Black "ExcitingTrap"]
[Result "1-0"]
[WhiteElo "2654"]
[BlackElo "2294"]
[TimeControl "180+1"]
[EndTime "10:17:02 PDT"]
[Termination "Ermito2020 won by resignation"]

1. e4 e6 2. d4 d5 3. Nc3 Nf6 4.
e5 Nfd7 5. f4 c5 6. Nf3 Nc6 7. Be3 Be7 8. Qd2 O-O 9. dxc5 Nxc5 10. O-O-O Qa5 11. Kb1 Rd8 12. f5 exf5 13. Nxd5 Qxd2 14.
Nxe7+ Nxe7 15. Rxd2 Rxd2 16. Nxd2 Ne4 17. Nxe4 fxe4 18. Bc4 Bf5 19. Rd1 Rc8 20. Bb3 h6 21. Bxa7 Nc6 22. Bg1 Nxe5 23. Rd5 Re8 24. Ba4 Re6 25.
Bd4 f6 26. Kc1 Kh7 27. Bxe5 Rxe5 28. Rxe5 fxe5 29. Kd2 Be6 30. a3 Kg6 31. Ke3 Kf5 32. Bb5 Bd5 33. a4 b6 34. b4 Bb7 35. Bd7+ Kf6 36. c4 Ke7 37. Bf5 Bc6 38. a5 bxa5 39. bxa5 Kd6 40. Bxe4 Kc5 41. Bxc6 Kxc6 42. Ke4 Kc5 43.
Kxe5 1-0

[Event "*** SCC Grand Prix: Titled Tuesday Blitz"]
[Site "Chess.com"]
[Date "2020.10.13"]
[Round "2"]
[White "Mazetovic"]
[Black "Chessdude1987"]
[Result "1-0"]
[WhiteElo "2646"]
[BlackElo "2258"]
[TimeControl "180+1"]
[EndTime "10:17:02 PDT"]
[Termination "Mazetovic won by checkmate"]

1. e4 e6 2. d3 c5 3. Nf3 Nc6 4. g3 g6 5. Bg2 Bg7 6. h4 h6 7.
O-O Nge7 8. Re1 O-O 9. Nbd2 d6 10. Nc4 b5 11. Ne3 a5 12. Ng4 Kh7 13. Qd2 Ng8 14.
e5 d5 15. Qe2 f5 16. exf6 Nxf6 17. Nge5 Ne7 18. Bf4 c4 19. Nd4 cxd3 20. cxd3 b4 21.
Rac1 Qb6 22. Be3 Qa6 23. f4 Nf5 24. Nxf5 exf5 25. Rc7 Qd6 26. Rec1 Be6 27. R1c6 Qd8 28. Rxg7+ Kxg7 29. Rxe6 Rc8 30. Bd4 Rc1+ 31. Kh2 Qc8 32.
Re7+ Kg8 33. Nxg6 Rc2 34. Bxd5+ Rf7 35. Bxf7+ Kh7 36. Bc4+ Kxg6 37. Qxc2 Ng4+ 38. Kg1 Qd8 39. Bc5 Qc8 40. d4 Qc6 41. Qe2 Qe4 42. Rxe4 fxe4 43.
Qxg4+ Kh7 44. Qg8# 1-0